 Dungeon Crawl Stone Soup version 0.31-a0-221-gbddc013574 (webtiles) character file.

Game seed: 17663297205451481475

84 qw the Shooter (level 4, -3/26 HPs)
             Began as a Gargoyle Hexslinger on July 4, 2023.
             Slain by a hobgoblin
             ... wielding a +0 rapier
             ... led by Robin
              (9 damage)
             ... on level 3 of the Dungeon.
             The game lasted 00:00:45 (1741 turns).

qw the Shooter (Gargoyle Hexslinger)                Turns: 1741, Time: 00:00:45

Health: -3/26      AC: 12    Str: 12      XL:     4   Next: 45%
Magic:  5/5        EV: 15    Int: 15      God:
Gold:   87         SH:  0    Dex: 14 (16) Spells: 4/5 levels left

rFire   . . .        Y - +1 sling
rCold   + . .        (no shield)
rNeg    + + .        j - +0 ring mail
rPois   inf          (no helmet)
rElec   +            (no cloak)
rCorr   .            c - +0 pair of gloves "Cill" {rC+ Dex+2}
SInv    .            a - +1 pair of boots "Fiaxogum" {rN+ Int+2 Stlth+}
Will    .....        (no amulet)
Stlth   ++           h - +5 ring of evasion
HPRegen 0.24/turn    (no ring)
MPRegen 0.09/turn

%: no passive effects
@: no status effects
A: sickness immunity, AC +3, negative energy resistance 1, electricity
resistance, torment resistance 1, petrification resistance
a: no special abilities


You were on level 3 of the Dungeon.
You visited 1 branch of the dungeon, and saw 3 of its levels.

You collected 87 gold pieces.


Innate Abilities, Weirdness & Mutations

You are immune to sickness and miasma.
Your stone body is resilient. (AC +3)
You are immune to poison.
You resist negative energy. (rN+)
You are resistant to electric shocks. (rElec)
You are resistant to unholy torment.
You are immune to petrification.


   Skills:
 - Level 2.0 Fighting
 + Level 3.6 Ranged Weapons
 - Level 2.0 Armour
 - Level 1.5 Dodging
 - Level 1.0 Spellcasting
 - Level 2.6 Hexes


You had 4 spell levels left.
You knew the following spells:

 Your Spells              Type           Power      Damage    Failure   Level
a - Slow                  Hex            32%        N/A       19%         1

Your spell library contained the following spells:

 Spells                   Type           Power      Damage    Failure   Level
 Inner Flame              Hex/Fire       4%         N/A       67%         3
 Portal Projectile        Hex/Tloc       8%         N/A       67%         3
 Cause Fear               Hex            4%         N/A       87%         4

Inventory:

Hand Weapons
 Y - a +1 sling (weapon)
Armour
 a - the +1 pair of boots "Fiaxogum" (worn) {rN+ Int+2 Stlth+}
   (You acquired it on level 1 of the Dungeon)

   Int:       It affects your intelligence (+2).
   rN:        It protects you from negative energy.
   Stlth:     It makes you more stealthy.
 c - the +0 pair of gloves "Cill" (worn) {rC+ Dex+2}
   (You acquired it on level 1 of the Dungeon)

   Dex:       It affects your dexterity (+2).
   rC:        It protects you from cold.
 j - a +0 ring mail (worn)
Jewellery
 h - a +5 ring of evasion (left hand)
Scrolls
 d - a scroll of amnesia {unknown}
 g - a scroll of identify
 i - a scroll of revelation {unknown}
Potions
 b - a potion of enlightenment {unknown}
 e - a potion of haste {unknown}
 f - a potion of curing {unknown}

Dungeon Overview and Level Annotations

Branches:
Dungeon (3/15)

Altars:

Shops:
D:1 *

Annotations:
D:3 Robin


Message History

The goblin no longer looks unusually strong.
Robin hits you but does no damage. The goblin hits you but does no damage.
The hobgoblin hits you with a +0 rapier.
The goblin completely misses you.
You shoot a sling bullet. The sling bullet barely misses Robin.
Robin roars a battlecry!
The goblins go into a battle-frenzy!
The goblin hits you with a +0 dagger.
The hobgoblin hits you but does no damage.
The goblin hits you but does no damage.
A goblin comes into view. It is wielding a +0 dagger.
The goblin closely misses you. The hobgoblin misses you. The goblin misses you.
You shoot a sling bullet. The sling bullet barely misses Robin.
The goblin no longer looks unusually strong.
Robin hits you with a +0 dagger of venom.
The goblin closely misses you. The goblin hits you but does no damage.
The hobgoblin misses you. The goblin barely misses you.
You shoot a sling bullet.
The sling bullet hits Robin but does no damage.
Robin is almost dead.
Robin throws the goblin at you! The goblin hits you but does no damage.
The goblin completely misses you. The goblin barely misses you.
The hobgoblin hits you with a +0 rapier!
You shoot a sling bullet. The sling bullet closely misses Robin.
Robin roars a battlecry!
The goblin goes into a battle-frenzy!
The goblin closely misses you. The goblin barely misses you.
The hobgoblin closely misses you. The goblin barely misses you.
The hobgoblin hits you with a +0 rapier.
The goblin hits you but does no damage. Robin hits you but does no damage.
The goblin barely misses you. x2
You shoot a sling bullet. The sling bullet barely misses Robin.
Robin hits you but does no damage. The goblin closely misses you.
The goblin completely misses you. The hobgoblin misses you.
The goblin closely misses you.
You shoot a sling bullet.
The sling bullet completely misses Robin.
The goblin closely misses you.
The hobgoblin hits you with a +0 rapier!
You die...

#.#.#..#....#.#.#.
##.#.#..###..###.#.
#..................
#..#.#..###..#.#...
#.%#.#..# #..#.#...
#..###..#.#..# #...
##.......... .....
#.g.###..### ###...
#.g@g.#..# .....
#.gg###.[# ##.##
#...))g.g.. ..
######g.... g.>.
... .# .


You could see Robin, a hobgoblin (strong) and 3 goblins.

Vanquished Creatures
  Terence (D:2)
  An adder (D:2)
  4 dart slugs
  6 endoplasms
  A giant cockroach (D:1)
  8 goblins
  A hobgoblin (D:3)
  9 kobolds
  A quokka (D:1)
  4 ball pythons
  2 bats
  4 frilled lizards
  4 rats
46 creatures vanquished.

Notes
Turn   | Place    | Note
-------+----------+-------------------------------------------
     0 | D:1      | qw the Gargoyle Hexslinger began the quest for the Orb.
     0 | D:1      | Reached XP level 1. HP: 12/12 MP: 2/2
     0 | D:1      | 0 ||| qw: Version: 0.3-a-40-ge99b1a8
     0 | D:1      | 0 ||| qw: Game counter: 684
     0 | D:1      | 0 ||| qw: Melee chars always use a shield: true
     0 | D:1      | 0 ||| qw: God list: Okawaru
     0 | D:1      | 0 ||| qw: Allow faded altars: false
     0 | D:1      | 0 ||| qw: Do Orc after clearing Dungeon:15 true
     0 | D:1      | 0 ||| qw: Do second Lair branch before Depths: true
     0 | D:1      | 0 ||| qw: Lair rune preference: random
     0 | D:1      | 0 ||| qw: Goals: Normal
     0 | D:1      | 0 ||| PLANNING D:1-11
    55 | D:1      | Found a faded altar of an unknown god.
    96 | D:1      | Found Heuseep's General Store.
   103 | D:1      | 103 ||| SHOPLISTING potion of curing (36 gold, have 0).
   103 | D:1      | 103 ||| SHOPLISTING potion of mutation (96 gold, have 0).
   169 | D:1      | Reached XP level 2. HP: 16/16 MP: 3/3
   375 | D:1      | Reached skill level 3 in Ranged Weapons
   521 | D:1      | Reached XP level 3. HP: 21/21 MP: 4/4
   740 | D:1      | 740 ||| UPGRADING to +0 leather armour.
   750 | D:1      | 750 ||| DROPPING +0 robe.
   751 | D:1      | 751 ||| UPGRADING to +0 ring mail.
   761 | D:1      | 761 ||| DROPPING +0 leather armour.
   762 | D:1      | 762 ||| UPGRADING to +5 ring of evasion.
   763 | D:1      | 763 ||| READING scroll labelled WIDDAOTOMI.
   764 | D:1      | 764 ||| READING 2 scrolls labelled PAOPRI LESA.
   764 | D:1      | Identified 2 scrolls of acquirement
   764 | D:1      | 764 ||| ACQUIRING +0 pair of gloves "Cill" {rC+ Dex+2}
   764 | D:1      | Acquired the +0 pair of gloves "Cill" {rC+ Dex+2}
   765 | D:1      | 765 ||| READING scroll of acquirement.
   765 | D:1      | 765 ||| ACQUIRING +1 pair of boots "Fiaxogum" {rN+ Int+2
                  | Stlth+}
   765 | D:1      | Acquired the +1 pair of boots "Fiaxogum" {rN+ Int+2 Stlth+}
   767 | D:1      | 767 ||| UPGRADING to +1 pair of boots "Fiaxogum" {rN+ Int+2
                  | Stlth+}.
   772 | D:1      | 772 ||| UPGRADING to +0 pair of gloves "Cill" {rC+ Dex+2}.
   777 | D:1      | 777 ||| READING scroll labelled NUESACA GUNTUE.
   778 | D:1      | 778 ||| DRINKING 3 blue potions.
   779 | D:1      | 779 ||| DROPPING scroll of poison.
   780 | D:1      | 780 ||| DROPPING 2 potions of degeneration.
   883 | D:2      | Noticed Terence
   895 | D:2      | Killed Terence
  1284 | D:2      | Reached XP level 4. HP: 24/26 MP: 5/5
  1443 | D:2      | 1443 ||| READING scroll labelled POIMMARR XYMEO.
  1444 | D:2      | 1444 ||| READING scroll labelled DEINOC VEUNY.
  1719 | D:3      | Noticed Robin
  1724 | D:3      | 1724 ||| Stepping ~*~*~tactically~*~*~ (outnumbered).
  1739 | D:3      | HP: 6/26 [hobgoblin/+0 rapier[Robin] (6)]
  1741 | D:3      | Slain by a hobgoblin

Levels and vault maps discovered:
D:1:      onia_arrival_mini_spirals, layout_loops_cross, serial_shops,
          nicolae_shop_rolling_square, dreamdust_ecumenical_altar_grove
D:2:      layout_basic, minmay_large_rounded_square,
          wander_ebering_terrifying_dragon_lair, uniq_terence
D:3:      layout_basic, minmay_misc_feat_nine_boxes, nicolae_eternal_life,
          uniq_robin

Skill      XL: |  1  2  3 |
---------------+----------+-----
Ranged Weapons | 3 |  3.6
Fighting       | 2 |  2.0
Armour         | 2 |  2.0
Dodging        | |  1.5
Spellcasting   | |  1.0
Hexes          | |  2.6

Action                     |  1- 3 |  4- 6 || total
---------------------------+-------+-------++-------
   Fire: Sling             |   110 |    46 ||   156
    Use: Scroll            |     4 |     2 ||     6
         Potion            |     1 |       ||     1
 Armour: Robe              |     7 |       ||     7
         Ring mail         |    12 |    24 ||    36
  Dodge: Dodged            |    34 |    42 ||    76

Table legend:
 A = Non-vault XP
 B = Vault XP
 C = Vault XP percentage of total XP
 D = Non-vault monster count
 E = Vault monster count
 F = Vault count percentage of total count
                 A         B        C        D         E       F
            +---------+---------+-------+---------+---------+-------
      Total |      74 |      46 |  38.3 |      36 |      10 |  21.7
            +---------+---------+-------+---------+---------+-------
        D:1 |      38 |       0 |   0.0 |      21 |       0 |   0.0
        D:2 |      26 |      33 |  55.9 |       9 |       2 |  18.2
        D:3 |      10 |      13 |  56.5 |       6 |       8 |  57.1
            +---------+---------+-------+---------+---------+-------
